 Dungeon Crawl Stone Soup version 0.27.1-1-g398f81649c (webtiles) character file.

Game seed: 2136857281345301911

138 ZARRMARR the Conjurer (level 5, -1/34 HPs)
             Began as an Octopode Conjurer on Sept 12, 2021.
             Slain by an orc (6 damage)
             ... on level 4 of the Dungeon.
             The game lasted 00:11:05 (3668 turns).

ZARRMARR the Conjurer (Octopode Conjurer)           Turns: 3668, Time: 00:11:05

Health: -1/34      AC:  1    Str:  7    XL:     5   Next: 21%
Magic:  8/8        EV: 13    Int: 21    God:
Gold:   119        SH:  0    Dex: 10    Spells: 7/8 levels left

rFire    . . .     SeeInvis .   c - +2 dagger (drain)
rCold    . . .     Faith    .   (no shield)
rNeg     + . .     Spirit   .   (helmet restricted)
rPois    .         Reflect  .   (no amulet)
rElec    .         Harm     .   d - ring of positive energy
rCorr    .         Rampage  .   (no ring)
Will     .....                  (no ring)
Stlth    +++.......             (no ring)
HPRegen  0.11/turn              (no ring)
MPRegen  0.11/turn              (no ring)
                                (no ring)
                                (no ring)

@: no status effects
A: almost no armour, amphibious, 8 rings, camouflage 1, gelatinous body 1,
(nimble swimmer 1), tentacles
a: no special abilities


You were on level 4 of the Dungeon.
You visited 1 branch of the dungeon, and saw 4 of its levels.

You collected 119 gold pieces.

Inventory:

Hand Weapons
 c - a +2 dagger of draining (weapon)
Jewellery
 d - a ring of positive energy (left tentacle)
Scrolls
 f - 2 scrolls of immolation
Potions
 e - a potion of brilliance


   Skills:
 + Level 1.9 Fighting
 + Level 2.9 Dodging
 + Level 4.0 Stealth
 - Level 2.0 Spellcasting
 - Level 4.5 Conjurations
 * Level 1.8 Ice Magic


You had 7 spell levels left.
You knew the following spells:

 Your Spells              Type           Power      Damage    Failure   Level
a - Magic Dart            Conj           84%        1d7       2%          1

Your spell library contained the following spells:

 Spells                   Type           Power      Damage    Failure   Level
 Searing Ray              Conj           42%        3d4       3%          2
 Dazzling Flash           Conj/Hex       22%        N/A       17%         3
 Ozocubu's Armour         Ice            9%         N/A       21%         3
 Fulminant Prism          Conj/Hex       5%         3d7       50%         4
 Iskenderun's Mystic Bla  Conj/Tloc      11%        2d4       50%         4
 Ozocubu's Refrigeration  Ice            4%         4d5       100%        7


Dungeon Overview and Level Annotations

Branches:
Dungeon (4/15)
 Temple: D:4-7

Altars:
Cheibriados

Shops:
D:1 :[

Annotations:
D:3 exclusion: 2 downstairs
D:4 Robin


Innate Abilities, Weirdness & Mutations

You cannot wear most types of armour.
You are amphibious.
You can wear up to eight rings at the same time.
Your skin changes colour to match your surroundings (Stealth+).
Your rubbery body absorbs attacks. (AC +1, EV +1)
((You are camouflaged near water. (Stealth+)))
You have tentacles for arms and can constrict up to eight enemies at once.


Message History

The orc priest misses you.
The orc moves out of view.
You hit the orc priest but do no damage.
You drain the orc priest. You grab the orc priest. You squeeze the orc priest.
The orc priest is moderately wounded.
You constrict the orc priest, but do no damage.
The orc priest completely misses you.
You hit the orc priest.
You squeeze the orc priest, but do no damage.
The orc priest is heavily wounded.
You constrict the orc priest, but do no damage.
The orc priest barely misses you.
You hit the orc priest but do no damage.
You squeeze the orc priest, but do no damage.
The orc priest is heavily wounded.
You constrict the orc priest, but do no damage.
The orc priest hits you with a +0 trident!
* * * LOW HITPOINT WARNING * * *
You hit the orc priest. You drain the orc priest.
You squeeze the orc priest, but do no damage.
The orc priest is heavily wounded.
You constrict the orc priest, but do no damage.
The orc priest hits you with a +0 trident.
* * * LOW HITPOINT WARNING * * *
You hit the orc priest. You drain the orc priest.
The orc priest is almost dead.
You constrict the orc priest. The orc priest barely misses you.
You hit the orc priest but do no damage.
The orc priest is almost dead.
You constrict the orc priest, but do no damage.
The orc priest closely misses you.
You hit the orc priest but do no damage.
You drain the orc priest.
You kill the orc priest!
Your Stealth skill increases to level 4!
You have reached level 5!
You feel stronger.
You hit the orc but do no damage. You drain the orc. Your grab misses the orc.
The orc is severely wounded.
The orc hits you with a +4 hand axe.
You die... ........# .......# ......# ######### .o.....+ ........# ...."..# ........# ... og.

§.......# #'# #o#
..§.....# #.# #@#
....gg..# #.# #.#
g.§§.§..####.###.#####
.....§.g'.....>......#
........####.#.#.###.#
.......g...#)#.#...#.#
.....g......)#(###.#.#####
..[........#.#.....#.....#
..g......###############.#


You could see 2 orcs and a goblin.

Vanquished Creatures
  An orc priest (D:4)
  A gnoll (D:1)
  2 adders (D:3)
  3 worms
  3 orcs
  4 ball pythons
  6 bats
  5 endoplasms
  2 giant cockroaches
  9 goblins
  4 hobgoblins
  4 jackals (D:1)
  6 kobolds
  4 quokkas
  2 frilled lizards
  6 rats
62 creatures vanquished.

Notes
Turn   | Place    | Note
-------+----------+-------------------------------------------
     0 | D:1      | ZARRMARR the Octopode Conjurer began the quest for the Orb.
     0 | D:1      | Reached XP level 1. HP: 11/11 MP: 3/3
    33 | D:1      | Found a faded altar of an unknown god.
   347 | D:1      | Found Xetul's Book Shoppe.
   350 | D:1      | Reached XP level 2. HP: 18/18 MP: 1/5
   545 | D:1      | Reached skill level 1 in Fighting
   545 | D:1      | Reached XP level 3. HP: 23/23 MP: 0/6
   764 | D:1      | Found Pashur's Armour Shoppe.
  2034 | D:2      | Reached XP level 4. HP: 28/28 MP: 5/7
  2054 | D:2      | Found a snail-covered altar of Cheibriados.
  2489 | D:3      | Reached skill level 1 in Ice Magic
  3423 | D:4      | Noticed Robin
  3423 | D:4      | Noticed a black bear
  3441 | D:3      | HP: 1/28 [goblin[Robin] (6)]
  3668 | D:4      | Reached XP level 5. HP: 5/34 MP: 8/8
  3668 | D:4      | Slain by an orc

Illustrated notes

Levels and vault maps discovered:
D:1:      elethiomel_arrival_shortcut, layout_loops_cross, serial_shops, shop,
          nicolae_shop_temple_entry_statues_fountains, serial_glass,
          glass_columns_b, glass_columns_a, dreamdust_ecumenical_altar_statues
D:2:      layout_loops_ring, basic_altar
D:3:      layout_loops_corners, ebering_dispersal_statue_hall
D:4:      layout_basic, minmay_temple_entry_poolview, portal_sewer_entry_d,
          minivault_24, minmay_distorted, uniq_robin, uniq_ijyb

Skill      XL: |  1  2  3  4 |
---------------+-------------+-----
Stealth        | 3 4 |  4.0
Fighting       | 1 |  1.9
Ice Magic      | 1 |  1.8
Dodging        | |  2.9
Spellcasting   | |  2.0
Conjurations   | |  4.5

Action                   |  1- 3 |  4- 6 || total
-------------------------+-------+-------++-------
Melee: Unarmed           |    54 |       ||    54
       Constrict         |    12 |     3 ||    15
       Tentacles         |     5 |     6 ||    11
       Dagger            |     1 |    25 ||    26
 Cast: Magic Dart        |    55 |    39 ||    94
  Use: Scroll            |     3 |     4 ||     7
       Potion            |       |     2 ||     2
 Stab: Sleeping          |       |     2 ||     2
Armor: Skin              |     9 |       ||     9
Dodge: Dodged            |    50 |    17 ||    67
